 Dungeon Crawl Stone Soup version 0.24-a0-493-g7e4ddcd485 (webtiles) character file.

Game seed: 15075839506067097117

37 KristoblXynda the Charmwright (level 3, -7/29 HPs)
             Began as a Draconian Skald on July 12, 2019.
             Mangled by a gnoll
             ... wielding a +0 halberd
              (12 damage)
             ... on level 2 of the Dungeon.
             The game lasted 00:01:41 (1534 turns).

KristoblXynda the Charmwright (Draconian Skald)     Turns: 1534, Time: 00:01:42

Health: -7/29      AC:  5    Str: 12 (14) XL:     3   Next: 21%
Magic:  4/6        EV: 12    Int: 10 (13) God:
Gold:   36         SH:  0    Dex:  9 (10) Spells: 3/6 levels left

rFire    . . .     SeeInvis .   a - +0 falchion
rCold    . . .     Gourm    .   (no shield)
rNeg     . . .     Faith    .   (armour unavailable)
rPois    .         Spirit   .   (helmet restricted)
rElec    .         Reflect  .   (no cloak)
rCorr    .         Harm     .   (no gloves)
MR       .....                  (no boots)
Stlth    +.........             (no amulet)
HPRegen  0.09/turn              (no ring)
MPRegen  0.10/turn              (no ring)

@: infused
A: unfitting armour, cold-blooded, AC +5
a: no special abilities


You were on level 2 of the Dungeon.
You were not hungry.

You visited 1 branch of the dungeon, and saw 2 of its levels.

You collected 36 gold pieces.

Inventory:

Hand Weapons
 a - a +0 falchion (weapon)
Jewellery
 b - an uncursed ring of protection from cold {unknown}
Scrolls
 d - a scroll of immolation {unknown}
 h - a scroll of magic mapping {unknown}
 i - a scroll of teleportation {unknown}
Potions
 e - a potion of degeneration
 f - a potion of heal wounds {unknown}
 g - a potion of lignification {unknown}
 j - 2 potions of curing {unknown}
Comestibles
 c - 4 rations


   Skills:
 - Level 2.1 Fighting
 * Level 3.0 Long Blades
 + Level 2.5 Dodging
 - Level 2.0 Spellcasting
 + Level 3.0 Charms


You had 3 spell levels left.
You knew the following spells:

 Your Spells              Type           Power        Failure   Level  Hunger
a - Infusion              Chrm           #...         9%          1    ##.....
b - Song of Slaying       Chrm           #.......     13%         2    ###....

Your spell library contained the following spells:

 Spells                   Type           Power        Failure   Level  Hunger
 Shroud of Golubria       Chrm/Tloc      #.....       26%         2    ###....
 Regeneration             Chrm/Necr      #.........   45%         3    ####...
 Spectral Weapon          Hex/Chrm       #.......     45%         3    ####...


Dungeon Overview and Level Annotations

Branches:
Dungeon (2/15)

Altars:


Innate Abilities, Weirdness & Mutations

Your plain brown scales are hard. (AC +5)
You cannot fit into any form of body armour.
You are cold-blooded and may be slowed by cold attacks.


Message History

Casting: Infusion (safe; 7% risk of failure)
Confirm with . or Enter, or press ? or * to list all spells.
You begin infusing your attacks with magical energy.
The gnoll hits you with a +0 halberd!
Ouch! That really hurt!
* * * LOW HITPOINT WARNING * * *
You barely miss the gnoll.
The gnoll is heavily wounded.
The gnoll closely misses you.
You hit the gnoll.
The gnoll is almost dead.
The gnoll hits you with a +0 halberd.
* * * LOW HITPOINT WARNING * * *
It was a potion of degeneration.
There was something very wrong with that liquid.
You feel weakened.
You feel dopey.
You feel clumsy.
You barely miss the gnoll.
The gnoll is almost dead.
The gnoll hits you with a +0 halberd!
You die...

#. #..# #.#.# # ....#
#†# # ..... #.# ....
#.# ..... #.# .....##.#
........### .
....#.....#########....
....#.....gggg@...'....
....'......########....
....#......# .
.gg.#......# ...
#......# .. #........
#......### ######.# .#


You could see 3 gnolls and a hobgoblin.

Vanquished Creatures
  An ooze (D:1)
  A leopard gecko (D:1)
  A giant cockroach (D:1)
  3 goblins
  2 hobgoblins
  6 jackals
  4 kobolds
  A quokka (D:2)
  5 bats (D:1)
  A frilled lizard (D:2)
  4 rats
29 creatures vanquished.

Notes
Turn   | Place    | Note
-------+----------+-------------------------------------------
     0 | D:1      | KristoblXynda the Draconian Skald began the quest for the
                  | Orb.
     0 | D:1      | Reached XP level 1. HP: 17/17 MP: 3/3
   362 | D:1      | Reached XP level 2. HP: 15/24 MP: 0/5
  1155 | D:1      | Reached XP level 3. HP: 29/29 MP: 6/6
  1298 | D:1      | Learned a level 2 spell: Song of Slaying
  1534 | D:2      | Mangled by a gnoll

Levels and vault maps discovered:
D:1:      dpeg_arrival_court, layout_basic
D:2:      layout_basic, lemuel_round_altar, first_ration

Skill      XL: |  1  2  3 |
---------------+----------+-----
Charms         | 3 |  3.0
Long Blades    | 3 |  3.0
Fighting       | |  2.1
Dodging        | |  2.5
Spellcasting   | |  2.0

Action                   || total
-------------------------++-------
Melee: Falchion          ||   100
       Tailslap          ||    11
 Cast: Infusion          ||     5
  Use: Potion            ||     1
  Eat: Chunk             ||     2
Armor: Skin              ||    37
Dodge: Dodged            ||    88
       Rpst.: Falchion   ||    26

Table legend:
 A = Non-vault XP
 B = Vault XP
 C = Vault XP percentage of total XP
 D = Non-vault monster count
 E = Vault monster count
 F = Vault count percentage of total count
                 A         B        C        D         E       F
            +---------+---------+-------+---------+---------+-------
      Total |      53 |       0 |   0.0 |      29 |       0 |   0.0
            +---------+---------+-------+---------+---------+-------
        D:1 |      41 |       0 |   0.0 |      21 |       0 |   0.0
        D:2 |      12 |       0 |   0.0 |       8 |       0 |   0.0
            +---------+---------+-------+---------+---------+-------
